 Dungeon Crawl Stone Soup version 0.27-a0-1200-g94dc6ad4cf (webtiles) character file.

Game seed: 13081214257692423513

191 bobarctor the Grave Robber (level 5, -2/25 (28) HPs)
             Began as a Deep Elf Necromancer on June 1, 2021.
             Was a Believer of Dithmenos.
             Slain by a necrophage (5 damage)
             ... on level 4 of the Dungeon.
             The game lasted 00:15:03 (4070 turns).

bobarctor the Grave Robber (Deep Elf Necromancer)   Turns: 4070, Time: 00:15:04

HP:   -2/25 (28)    AC:  3    Str:  5    XL:     5   Next: 42%
MP:   15/15         EV: 13    Int: 24    God:    Dithmenos [**....]
Gold: 62            SH:  0    Dex: 19    Spells: 1/15 levels left

rFire    . . .     SeeInvis .   m - +3 dagger
rCold    . . .     Faith    .   (no shield)
rNeg     . . .     Spirit   .   a - +1 robe
rPois    .         Reflect  .   (no helmet)
rElec    .         Harm     .   (no cloak)
rCorr    +         Rampage  .   (no gloves)
Will     .....                  (no boots)
Stlth    +++.......             (no amulet)
HPRegen  0.08/turn              i - ring of Ozaschi {rCorr Int+3 Dex+4 Slay+2}
MPRegen  0.14/turn              (no ring)

@: weak-willed, wreathed by umbra, heavily drained
A: no striking features
a: Renounce Religion, Shadow Step


You were on level 4 of the Dungeon.
You worshipped Dithmenos.
Dithmenos was pleased with you.
You visited 1 branch of the dungeon, and saw 4 of its levels.

You collected 62 gold pieces.

Inventory:

Hand Weapons
 b - a +0 whip
 f - a +0 quarterstaff
 k - a +0 vorpal spear
 m - a +3 dagger (weapon)
 s - a +0 hand axe of electrocution
Missiles
 d - 22 poisoned darts (quivered)
 e - 66 stones
 j - 44 arrows
 l - 2 boomerangs
 q - 13 bolts
Armour
 a - a +1 robe (worn)
Jewellery
 i - the ring of Ozaschi (left hand) {rCorr Int+3 Dex+4 Slay+2}
   (You acquired it on level 4 of the Dungeon)

   [ring of resist corrosion]

   It affects your intelligence (+3).
   It affects your dexterity (+4).
   It affects your accuracy and damage with ranged weapons and melee attacks
   (+2).
   It protects you from acid and corrosion.
Scrolls
 c - a scroll of enchant armour
 h - 2 scrolls of identify
 r - 2 scrolls of noise
Potions
 g - 2 potions of lignification


   Skills:
 + Level 2.5 Dodging
 + Level 2.6 Stealth
 * Level 5.8 Spellcasting
 + Level 6.2 Necromancy
 * Level 1.3 Invocations


You had one spell level left.
You knew the following spells:

 Your Spells              Type           Power      Damage    Failure   Level
a - Pain                  Necr           100%       1d9       1%          1
b - Animate Skeleton      Necr           74%        N/A       1%          1
c - Vampiric Draining     Necr           18%        2d8       1%          3
d - Animate Dead          Necr           18%        N/A       6%          4
e - Agony                 Necr           37%        N/A       17%         5

Your spell library contained the following spells:

 Spells                   Type           Power      Damage    Failure   Level


Dungeon Overview and Level Annotations

Branches:
Dungeon (4/15)
 Temple: D:4-7

Altars:
Dithmenos
Ru

Annotations:
D:2 Sigmund


Message History

A killer bee zombie comes into view.
A necrophage comes into view.
You hit the necrophage.
The necrophage is lightly damaged.
The necrophage hits you but does no damage.
You hit the necrophage.
The necrophage is lightly damaged.
The necrophage barely misses you.
You hit the necrophage.
The necrophage is moderately damaged.
The necrophage closely misses you.
You barely miss the necrophage.
The necrophage is moderately damaged.
The necrophage hits you!
You feel drained.
You hit the necrophage.
The necrophage is moderately damaged.
The necrophage hits you.
You hit the necrophage.
The necrophage is moderately damaged.
The necrophage hits you.
You hit the necrophage.
The necrophage is heavily damaged.
The necrophage hits you but does no damage.
You hit the necrophage but do no damage.
The necrophage is heavily damaged.
The necrophage hits you.
You feel drained.
You hit the necrophage.
The necrophage is heavily damaged.
The necrophage barely misses you.
You hit the necrophage.
The necrophage is severely damaged.
The necrophage hits you.
You feel drained.
You hit the necrophage.
The necrophage is severely damaged.
The necrophage hits you!
* * * LOW HITPOINT WARNING * * *
You closely miss the necrophage.
The necrophage is severely damaged.
The necrophage hits you.
You die...

### #.. #.#
#.# #.# #@#
#n# ####
#####.# ....
...#.#
####..####.#.#
........n....#
#
####..####.###
#####.### #.
#.# .......<.
# #.#
#####.##.


You could see a necrophage.

Vanquished Creatures
  An orc wizard (D:3)
  4 gnolls (D:2)
  4 adders
  3 dart slugs
  6 orcs
  10 endoplasms
  3 giant cockroaches
  7 goblins
  5 hobgoblins
  4 jackals (D:3)
  5 quokkas
  6 ball pythons
  5 bats
  4 frilled lizards
  6 kobolds
  3 rats (D:3)
76 creatures vanquished.

Notes
Turn   | Place    | Note
-------+----------+-------------------------------------------
     0 | D:1      | bobarctor the Deep Elf Necromancer began the quest for the
                  | Orb.
     0 | D:1      | Reached XP level 1. HP: 10/10 MP: 6/6
    30 | D:1      | Reached skill level 5 in Necromancy
   375 | D:1      | Reached XP level 2. HP: 12/15 MP: 5/8
   707 | D:1      | Learned a level 1 spell: Animate Skeleton
   788 | D:1      | Found a faded altar of an unknown god.
   794 | D:1      | Became a worshipper of Dithmenos the Shadowed
   794 | D:1      | Reached * piety under Dithmenos
  1395 | D:1      | Reached XP level 3. HP: 18/19 MP: 8/10
  1420 | D:1      | Learned a level 3 spell: Vampiric Draining
  1869 | D:2      | Reached XP level 4. HP: 22/24 MP: 1/12
  2215 | D:2      | Reached skill level 1 in Invocations
  2294 | D:2      | Reached ** piety under Dithmenos
  2409 | D:2      | Reached skill level 5 in Spellcasting
  2661 | D:2      | Learned a level 4 spell: Animate Dead
  2680 | D:2      | Noticed Sigmund
  3124 | D:3      | Reached XP level 5. HP: 27/28 MP: 13/15
  3130 | D:3      | Learned a level 5 spell: Agony
  3209 | D:3      | Found a sacrificial altar of Ru.
  3219 | D:3      | Reached skill level 6 in Necromancy
  4037 | D:4      | Identified a scroll of acquirement
  4037 | D:4      | Acquired the ring of Ozaschi {rCorr Int+3 Dex+4 Slay+2}
  4045 | D:4      | Noticed a necrophage
  4070 | D:4      | Slain by a necrophage

Illustrated notes

Levels and vault maps discovered:
D:1:      dpeg_arrival_erosion, layout_basic, serial_forest,
          infiniplex_forest_lined_4_way, infiniplex_forest_clump_double,
          infiniplex_forest_lined_ring, infiniplex_forest_lined_2,
          infiniplex_forest_clump_curved, ebering_ecumenical_altar_petrified,
          nrook_campfire
D:2:      layout_basic, uniq_sigmund
D:3:      layout_loops_cross, lemuel_round_altar, guppyfry_early_lair_pool
D:4:      minmay_thinvault, layout_loops_ring, uniq_menkaure, uniq_grinder,
          uniq_ijyb

Skill      XL: |  1  2  3  4  5 |
---------------+----------------+-----
Necromancy     | 5 6 |  6.2
Spellcasting   | 4 5 |  5.8
Invocations    | 1 |  1.3
Dodging        | |  2.5
Stealth        | |  2.6

Action                   |  1- 3 |  4- 6 || total
-------------------------+-------+-------++-------
Melee: Dagger            |       |    12 ||    12
 Cast: Pain              |    54 |    76 ||   130
       Vampiric Draining |     2 |     5 ||     7
  Use: Scroll            |       |     7 ||     7
Armor: Robe              |       |     2 ||     2
Dodge: Dodged            |     7 |     8 ||    15

Table legend: (Time is in decaauts)
 A = Elapsed time spent in this place.
 B = Non-inter-level travel time spent in this place.
 C = Inter-level travel time spent in this place.
 D = Time resting spent in this place.
 E = Time spent auto-exploring this place.
 F = Levels seen in this place.
 G = Mean time per level.
                   A        B        C        D        E       F      G
               +--------+--------+--------+--------+--------+-----+--------+
         Total |   4069 |   3957 |    112 |   1445 |   2078 |   4 | 1017.2 |
       Dungeon |   4069 |   3957 |    112 |   1445 |   2078 |   4 | 1017.2 |
               +--------+--------+--------+--------+--------+-----+--------+

Top non-repeatable levels by time:
     D:1: 1860 daAuts
     D:3: 1319 daAuts
     D:2: 854 daAuts
     D:4: 36 daAuts
